 Dungeon Crawl Stone Soup version 0.31.0-9-g3a7656b989 (webtiles) character file.

Game seed: 3358826637035428931

355 Kenran the Slasher (level 6, -3/51 (56) HPs)
             Began as a Naga Fighter on Jan 31, 2024.
             Was an Initiate of Okawaru.
             Slain by a wight
             ... wielding a +3 war axe of freezing
              (4 damage)
             ... on level 4 of the Dungeon.
             The game lasted 00:05:05 (2961 turns).

Kenran the Slasher (Naga Fighter)                   Turns: 2961, Time: 00:05:06

HP:   -3/51 (56)    AC:  7    Str: 18    XL:     6   Next: 63%
MP:   6/6           EV:  7    Int:  9    God:    Okawaru [......]
Gold: 183           SH:  4    Dex: 12    Spells: 5/5 levels left

rFire   . . .        a - +0 long sword
rCold   . . .        c - +0 buckler
rNeg    . . .        g - +1 scale mail {rPois}
rPois   +            (no helmet)
rElec   .            (no cloak)
rCorr   .            h - +0 pair of gloves
SInv    +            (no barding)
Will    +....        (no amulet) Stlth
                     p - ring of willpower
HPRegen 0.28/turn    (no ring)
MPRegen 0.10/turn

%: no passive effects
@: drained, very slow
A: AC +2, large, see invisible, deformed body, poison resistance, slowness 2,
spit poison 1, naga tail 1
a: Spit Poison, Renounce Religion


You were on level 4 of the Dungeon.
You worshipped Okawaru.
Okawaru was noncommittal.
You visited 2 branches of the dungeon, and saw 5 of its levels.

You collected 183 gold pieces.

Inventory:

Hand Weapons
 a - a +0 long sword (weapon)
Armour
 c - a +0 buckler (worn)
 g - a +1 scale mail of poison resistance (worn)
 h - a +0 pair of gloves (worn)
Jewellery
 p - a ring of willpower (left hand)
Scrolls
 f - a scroll of blinking
 j - a scroll of enchant armour
 k - a scroll of teleportation
 m - a scroll of fear {unknown}
 n - 2 scrolls of amnesia
 o - a scroll of vulnerability {unknown}
 r - 2 scrolls of brand weapon {unknown}
Potions
 d - a potion of enlightenment {unknown}
 e - a potion of heal wounds {unknown}
 l - a potion of mutation {unknown}
 q - a potion of berserk rage {unknown}


   Skills:
 - Level 3.0 Fighting
 + Level 6.8 Long Blades
 - Level 2.4 Armour
 - Level 2.6 Shields


You had 5 spell levels left.
You didn't know any spells.
Your spell library contained the following spells:

 Spells                   Type           Power      Damage    Failure   Level
 Mercury Vapours          Alch/Air       0%         N/A       94%         2
 Mephitic Cloud           Conj/Alch/Air  0%         N/A       99%         3
 Freezing Cloud           Conj/Ice/Air   0%         6-21      100%        5


Dungeon Overview and Level Annotations

Branches:
Dungeon (4/15)             Temple (1/1) D:4

Altars:
Ashenzari
Dithmenos
Elyvilon
Fedhas
Gozag
Hepliaklqana
Kikubaaqudgha
Makhleb
Nemelex Xobeh
Okawaru
Ru
Sif Muna
Trog
Vehumet
Xom
The Shining One

Annotations:
D:4 Edmund


Innate Abilities, Weirdness & Mutations

Your serpentine skin is tough. (AC +2)
You have supernaturally acute eyesight. (SInv)
Armour fits poorly on your strangely shaped body.
Your system is resistant to poisons. (rPois)
You cover ground very slowly.
You can spit poison.
You have a snake-like lower body.


Message History

The wight hits you with a +2 short sword.
You slash the wight!
You destroy the wight!
Okawaru accepts your kill.
The wight hits you with a +3 war axe of freezing!
* * * LOW HITPOINT WARNING * * *
The wight freezes you.
* * * LOW HITPOINT WARNING * * *
The wight closely misses you.
Things that are here:
a +2 short sword; a +0 robe You barely miss the wight.
You block the wight's attack.
You closely miss the wight. The wight hits you but does no damage.
You barely miss the wight.
The wight hits you with a +3 war axe of freezing.
* * * LOW HITPOINT WARNING * * *
You feel drained.
* * * LOW HITPOINT WARNING * * *
The wight freezes you.
* * * LOW HITPOINT WARNING * * *
You barely miss the wight. You block the wight's attack.
It was a potion of lignification.
You turn into a tree.
Your +0 pair of gloves melds into your body.
Your +1 scale mail of poison resistance melds into your body.
Your roots penetrate the ground.
The wight hits you with a +3 war axe of freezing.
* * * LOW HITPOINT WARNING * * *
You feel drained.
* * * LOW HITPOINT WARNING * * *
The wight freezes you.
* * * LOW HITPOINT WARNING * * *
It was a potion of cancellation.
Your magical effects are unravelling.
You feel magically purged.
You feel less wooden.
Your +0 pair of gloves unmelds from your body.
Your +1 scale mail of poison resistance unmelds from your body.
You feel resistant to poison.
The wight hits you with a +3 war axe of freezing.
You die...

......# ..........
...... #.........
..#.#### #.........
#......# #####.........
.#.....####.............
............###.........
..........z..)..........
....[.#.#######.........
..#...........##@####...
..#..##.......#.z..#
..#..8#..........###
..#..###.##.....##.#
..#..##..####......#
..#..##»#####.#....#
#..... ...
#.###...###..# #.....
#......÷.....# #.....
#.#.#........# #.....


You could see a wight.

Vanquished Creatures
  A scorpion (D:3)
  2 wights (D:4)
  Jessica (D:2)
  Ijyb (D:4)
  Natasha (twice) (D:3)
  4 adders
  A dart slug (D:1)
  6 ball pythons
  5 endoplasms
  3 giant cockroaches
  5 goblins
  2 hobgoblins
  4 jackals (D:4)
  3 quokkas
  9 bats
  2 frilled lizards (D:1)
  2 kobolds
  2 rats (D:3)
55 creatures vanquished.

Notes
Turn   | Place    | Note
-------+----------+-------------------------------------------
     0 | D:1      | Kenran the Naga Fighter began the quest for the Orb.
     0 | D:1      | Reached XP level 1. HP: 21/21 MP: 1/1
   146 | D:1      | Reached XP level 2. HP: 28/28 MP: 2/2
   190 | D:1      | Reached skill level 3 in Long Blades
   579 | D:1      | Reached XP level 3. HP: 32/34 MP: 3/3
  1399 | D:2      | Noticed Jessica
  1409 | D:2      | Killed Jessica
  1410 | D:2      | Reached skill level 4 in Long Blades
  1410 | D:2      | Reached XP level 4. HP: 28/42 MP: 4/4
  1769 | D:3      | Noticed a scorpion
  1774 | D:3      | Killed a scorpion
  1775 | D:3      | Reached skill level 5 in Long Blades
  1775 | D:3      | Reached XP level 5. HP: 49/49 MP: 5/5
  1854 | D:3      | Found a sparkling altar of Nemelex Xobeh.
  1985 | D:3      | Noticed Natasha
  1990 | D:3      | Killed Natasha
  2313 | D:4      | Noticed Edmund
  2513 | D:3      | Noticed Natasha
  2521 | D:3      | Killed Natasha
  2590 | D:4      | Found a staircase to the Ecumenical Temple.
  2598 | Temple   | Entered the Ecumenical Temple
  2603 | Temple   | Became a worshipper of Warmaster Okawaru
  2620 | D:4      | Reached skill level 6 in Long Blades
  2639 | D:4      | Reached XP level 6. HP: 55/56 MP: 6/6
  2646 | D:4      | Noticed Ijyb
  2665 | D:4      | Killed Ijyb
  2960 | D:4      | HP: 3/78 [wight/+3 war axe of freezing (2)]
  2960 | D:4      | HP: 1/76 [wight/+3 war axe of freezing (1)]
  2961 | D:4      | Slain by a wight

Illustrated notes

Levels and vault maps discovered:
D:1:      roderic_crop_circles_arrival_small, layout_basic
D:2:      layout_basic, uniq_jessica
D:3:      layout_basic, general_overflow_altar, uniq_natasha
D:4:      layout_rooms, minitemple, temple_green, serial_corexii_hall,
          corexii_hall_statues_i, chequers_hall_statues_corner_a,
          chequers_hall_statues_corner_a, chequers_hall_statues_corner_a,
          chequers_hall_statues_corner_a, corexii_hall_statues_i,
          nicolae_ossuary_entry_ruins, uniq_edmund, uniq_ijyb
Temple:   minmay_freezing_vapour_temple

Skill      XL: |  1  2  3  4  5 |
---------------+----------------+-----
Long Blades    | 3 4 5 6 |  6.8
Fighting       | |  3.0
Armour         | |  2.4
Shields        | |  2.6

Action                     |  1- 3 |  4- 6 || total
---------------------------+-------+-------++-------
  Melee: Long sword        |    85 |   124 ||   209
Ability: Spit Poison       |     9 |     5 ||    14
    Use: Scroll            |       |     7 ||     7
         Potion            |       |     7 ||     7
 Armour: Scale mail        |    88 |   157 ||   245
         Skin              |       |     1 ||     1
  Dodge: Dodged            |    38 |    60 ||    98
  Block: Buckler           |    20 |    41 ||    61
